 Dungeon Crawl Stone Soup version 0.17-a0-2069-g0f4ee5b (webtiles) character file.

19962 nubinia the Covert (level 12, 33/85 HPs)
             Began as a Vampire Earth Elementalist on Oct 8, 2015.
             Was a High Priest of Kikubaaqudgha.
             Quit the game on level 2 of the Lair of Beasts on Oct 13, 2015.
             The game lasted 02:24:34 (16898 turns).

nubinia the Covert (Vampire Earth Elementalist)    Turns: 16898, Time: 02:24:34

Health: 33/85      AC:  8    Str:  9    XL:     12   Next: 41%
Magic:  26/26      EV: 17    Int: 25    God:    Kikubaaqudgha [*****.]
Gold:   758        SH:  0    Dex: 15    Spells: 9 memorised, 4 levels left

rFire  . . .     SeeInvis +     b - +2 dagger (pain)
rCold  . . .     Clarity  .     P - +1 robe {MR+}
rNeg   + + .     SustAt   .     (no shield)
rPois  .         Gourm    .     L - +2 hat {Int+3}
rElec  .         Spirit   .     (no cloak)
rCorr  .         Warding  .     r - +0 pair of gloves
rMut   .         Stasis   .     (no boots)
MR     ++...                    t - amulet of faith
Stlth  +++++++...               q - ring "Iseplaix" {rN+ Stlth+}
                                G - +1 ring of protection

@: quite poisoned (33 -> 16), very resistant to hostile enchantments, extremely
stealthy
A: fangs 3, rugged brown scales 1, see invisible, strong 1, wild magic 1,
unbreathing
a: Bat Form, Receive Corpses, Torment, Renounce Religion


You were on level 2 of the Lair of Beasts.
You worshipped Kikubaaqudgha.
Kikubaaqudgha was extremely pleased with you.
You were not thirsty.

You visited 3 branches of the dungeon, and saw 14 of its levels.
You also visited: Labyrinth.

You collected 758 gold pieces.

Inventory:

Hand Weapons
 b - a +2 dagger of pain (weapon)
 B - a +0 blowgun
Missiles
 a - 161 stones (quivered)
 h - 143 arrows
 u - 29 poisoned needles
 H - 15 curare-tipped needles
Armour
 r - a +0 pair of gloves (worn)
 L - a +2 hat of intelligence (worn)
 N - the +4 leather armour of the Game Afoot {*Confuse rN+++ MR- Dex+3}
   (You found it on level 8 of the Dungeon)

   It affects your dexterity (+3).
   It renders you almost immune to negative energy.
   It affects your resistance to hostile enchantments.
   It may confuse you when you take damage.
 P - a +1 robe of magic resistance (worn)
 Z - a +1 leather armour of cold resistance
Rods
 f - a +3 rod of ignition (10/10)
   (You took it off a minotaur in a labyrinth)
Jewellery
 q - the ring "Iseplaix" (right hand) {rN+ Stlth+}
   (You found it on level 4 of the Lair of Beasts)

   [ring of positive energy]

   It protects you from negative energy.
   It makes you more stealthy.
 t - an amulet of faith (around neck)
 G - a +1 ring of protection (left hand)
 Y - an uncursed ring of protection from fire
Wands
 p - a wand of enslavement (14)
 x - a wand of cold (7)
 y - a wand of magic darts (30)
 I - a wand of random effects (26)
 K - a wand of flame (26)
 Q - a wand of magic darts (14)
 V - a wand of fire (7)
 W - a wand of lightning (11)
Scrolls
 e - 2 scrolls of recharging
 j - 5 scrolls of fog
 k - 2 scrolls of amnesia
 l - a scroll of enchant armour
 n - 3 scrolls of teleportation
 z - 5 scrolls of remove curse
 A - 2 scrolls of magic mapping
 O - 2 scrolls of identify
 R - 2 scrolls of fear
Potions
 d - a potion of flight
 g - 2 potions of mutation
 i - 2 potions of brilliance
 m - 7 potions of curing
 o - 2 potions of magic
 s - a potion of lignification
 v - a potion of ambrosia
 D - 4 potions of heal wounds
 E - 2 potions of might
 F - a potion of haste
 J - 3 potions of blood
Books
 c - a book of Geomancy

   Spells                             Type                      Level
   a - Sandblast                      Earth                        1
   b - Stoneskin                      Transmutation/Earth          2
   c - Passwall                       Transmutation/Earth          3
   d - Stone Arrow                    Conjuration/Earth            3
   e - Petrify                        Transmutation/Earth          4
   f - Lee's Rapid Deconstruction     Earth                        5
 w - a book of Transfigurations

   Spells                             Type                      Level
   a - Stoneskin                      Transmutation/Earth          2
   b - Irradiate                      Conjuration/Transmutation    5
   c - Statue Form                    Transmutation/Earth          6
   d - Hydra Form                     Transmutation                6
   e - Dragon Form                    Transmutation                7
 C - a book of Alchemy

   Spells                             Type                      Level
   a - Sublimation of Blood           Necromancy                   2
   b - Ignite Poison                  Fire/Transmutation/Poison    3
   c - Alistair's Intoxication        Transmutation/Poison         4
   d - Condensation Shield            Ice                          4
   e - Petrify                        Transmutation/Earth          4
   f - Irradiate                      Conjuration/Transmutation    5
 M - Kikubaaqudgha's Disquisition on Dark Rites
   (Kikubaaqudgha gifted it to you on level 8 of the Dungeon)

   Spells                             Type                      Level
   a - Animate Skeleton               Necromancy                   1
   b - Corpse Rot                     Necromancy                   2
   c - Sublimation of Blood           Necromancy                   2
   d - Regeneration                   Charms/Necromancy            3
   e - Control Undead                 Necromancy                   4
 T - a Necronomicon

   Spells                             Type                      Level
   a - Haunt                          Necromancy/Summoning         7
   b - Borgnjor's Revivification      Necromancy                   8
   c - Death's Door                   Charms/Necromancy            8
   d - Necromutation                  Transmutation/Necromancy     8
 U - Kikubaaqudgha's Compendium of Evil Magic
   (Kikubaaqudgha gifted it to you on level 1 of the Lair of Beasts)

   Spells                             Type                      Level
   a - Excruciating Wounds            Charms/Necromancy            5
   b - Agony                          Necromancy                   5
   c - Cigotuvi's Embrace             Necromancy                   5
   d - Dispel Undead                  Necromancy                   5
   e - Simulacrum                     Ice/Necromancy               6
 X - a book of Changes

   Spells                             Type                      Level
   a - Beastly Appendage              Transmutation                1
   b - Sticks to Snakes               Transmutation                2
   c - Spider Form                    Transmutation/Poison         3
   d - Ice Form                       Ice/Transmutation            4
   e - Blade Hands                    Transmutation                5


   Skills:
 + Level 3.9 Fighting
 + Level 3.7 Short Blades
 + Level 1.4 Throwing
 + Level 8.8 Dodging
 + Level 12.6 Stealth
 + Level 10.3 Spellcasting
 + Level 0.1 Conjurations
 + Level 1.0 Charms
 * Level 7.8 Necromancy
 + Level 3.8 Transmutations
 + Level 9.7 Earth Magic
 + Level 0.5 Evocations


You had 4 spell levels left.
You knew the following spells:

 Your Spells              Type           Power        Failure   Level  Hunger
a - Sandblast             Erth           ######       1%          1    None
b - Stoneskin             Trmt/Erth      ######..     2%          2    None
c - Passwall              Trmt/Erth      ######....   3%          3    None
d - Stone Arrow           Conj/Erth      ######       5%          3    None
e - Regeneration          Chrm/Necr      ######....   5%          3    None
f - Lee's Rapid Deconstr  Erth           #######...   7%          5    ####...
g - Control Undead        Necr           ######....   5%          4    None
h - Dispel Undead         Necr           ######..     16%         5    ####...
S - Animate Skeleton      Necr           N/A          1%          1    None


Dungeon Overview and Level Annotations

Branches:
Dungeon (8/15)             Temple (1/1) D:7            Lair (5/8) D:8
 Spider (0/4) Lair:5
  Swamp: Lair:3-6    Shoals: Lair:3-6

Altars:
Ashenzari
Cheibriados
Dithmenos
Elyvilon
Fedhas
Gozag
Kikubaaqudgha
Makhleb
Nemelex Xobeh
Okawaru
Qazlal
Ru
Sif Muna
Trog
Vehumet
Xom
Yredelemnul
Zin
The Shining One

Shops:
D:7 }}

Annotations:
D:3 Grinder
Lair:3 exclusion: black mamba


Innate Abilities, Weirdness & Mutations

You have razor-sharp teeth.
You have supernaturally acute eyesight.
You can survive without breathing.
You are partially covered in rugged brown scales (AC +1, +3% HP).
Your muscles are strong. (Str +2)
Your spells are a little harder to cast, but a little more powerful.


Message History

The black mamba completely misses you. The black mamba closely misses you.
The black mamba closely misses you.
There is an escape hatch in the ceiling here.
The black mamba bites you. The elephant completely misses you.
The elephant trunk-slaps you but does no damage.
The black mamba bites you! A mysterious force pulls you upwards.
The hatch slams shut behind you. The black mamba bites you.
The black mamba closely misses you. The black mamba bites you.
You are poisoned.
The black mamba poisons you!
There is an escape hatch in the ceiling here.
You feel sick. The black mamba closely misses you.
You feel sick. The black mamba bites you.
You are more poisoned.
The black mamba poisons you!
You feel sick.
You feel sick. The black mamba misses you.
Are you sure you want to abandon this character and quit the game? (Confirm with "yes".)

#......#P## ###
####Z###....# ##....#### ###
#....# #.....# ##....#
#....### #.....# #....#.###
########....P
#.....#..#######.##.#.#.....
#...........................
#...........................
#......<..S@................
#.........Y................[
#....P.####...#.#######P###.
#.....## ######.# ### ##
#....## ### ##.....#
#.....## ##.....# #.....##
######### ### ###


You could see an elephant and a black mamba.

Vanquished Creatures
  Gastronok (D:8)
  A minotaur (Lab)
  The ghost of Shim the Infuser, a journeyman HESk of Okawaru (Lair:4)
  3 hydras
  5 black mambas
  4 komodo dragons
  A fire drake (Lair:1)
  5 spiny frogs
  5 blink frogs
  11 yaks
  2 wyverns (Lair:5)
  A hungry ghost (D:7)
  3 basilisks
  Edmund (D:6)
  6 water moccasins
  2 orc warriors
  4 porcupines
  2 sky beasts (D:7)
  2 ice beasts
  2 centaurs
  7 ogres
  2 phantoms
  A big kobold (D:7)
  8 crocodiles
  6 giant frogs
  A water moccasin skeleton (D:5)
  A scorpion (D:7)
  18 killer bees
  11 crimson imps
  A wasp zombie (D:8)
  A jelly (D:5)
  A giant frog zombie (D:5)
  3 orc priests
  An iron imp (D:6)
  6 orc wizards
  8 worker ants
  2 hounds
  5 iguanas
  8 hell rats (Lair:4)
  2 hound zombies
  A worker ant zombie (D:5)
  7 gnolls
  11 adders
  17 river rats
  2 white imps (D:8)
  2 shadow imps
  An adder zombie (D:5)
  4 adder skeletons
  8 worms
  2 giant geckos
  45 orcs
  2 ball pythons
  4 giant cockroaches
  13 hobgoblins
  5 quokkas
  20 bats
  2 giant newts
  16 goblins
  5 jackals (D:2)
  19 kobolds
  19 rats
360 creatures vanquished.

Vanquished Creatures (collateral kills)
  5 blink frogs (Lair:5)
  3 yaks
  A deep elf fighter (D:8)
  A basilisk (Lair:1)
  2 hippogriffs (Lair:1)
  A crocodile (Lair:4)
  A worker ant (Lair:5)
  3 hell rats (Lair:5)
  6 river rats
  A bat (D:8)
  A fungus (Lair:5)
25 creatures vanquished.

Vanquished Creatures (others)
  A blink frog (Lair:5)
  An iguana (Lair:5)
  15 fungi
  16 plants
33 creatures vanquished.

Grand Total: 418 creatures vanquished

Notes
Turn   | Place    | Note
--------------------------------------------------------------
     0 | D:1      | nubinia the Vampire Earth Elementalist began the quest for the Orb.
     0 | D:1      | Reached XP level 1. HP: 13/13 MP: 3/3
   507 | D:1      | Reached XP level 2. HP: 11/19 MP: 0/5
   511 | D:1      | Learned a level 2 spell: Stoneskin
  1585 | D:2      | Reached XP level 3. HP: 25/25 MP: 1/6
  1613 | D:2      | Reached skill level 4 in Stealth
  1720 | D:2      | Learned a level 3 spell: Passwall
  2162 | D:2      | Found a glowing golden altar of the Shining One.
  2164 | D:2      | Found a white marble altar of Elyvilon.
  2164 | D:2      | Found a stormy altar of Qazlal.
  2166 | D:2      | Found a glowing silver altar of Zin.
  2168 | D:2      | Found an ancient bone altar of Kikubaaqudgha.
  2169 | D:2      | Found a sacrificial altar of Ru.
  2653 | D:3      | Reached XP level 4. HP: 31/31 MP: 5/7
  2692 | D:3      | Noticed Grinder
  3036 | D:3      | Reached skill level 1 in Short Blades
  3630 | D:3      | Reached XP level 5. HP: 27/36 MP: 1/9
  3789 | D:4      | Noticed a phantom
  3801 | D:4      | Killed a phantom
  3801 | D:4      | Reached skill level 5 in Stealth
  3953 | D:4      | Reached XP level 6. HP: 23/42 MP: 2/10
  4897 | D:4      | You fall through a shaft for 3 floors!
  5129 | D:6      | Reached skill level 6 in Stealth
  5164 | D:5      | Entered Level 5 of the Dungeon
  5182 | D:5      | Reached skill level 1 in Fighting
  5201 | D:5      | Reached skill level 7 in Stealth
  5201 | D:5      | Reached XP level 7. HP: 31/48 MP: 3/12
  5694 | D:5      | Reached skill level 8 in Stealth
  6033 | D:5      | Reached skill level 5 in Earth Magic
  6506 | D:5      | Reached XP level 8. HP: 54/56 MP: 9/14
  7112 | D:6      | Upgraded the game from 0.17-a0-2002-g92c7e20 to 0.17-a0-2014-g32cd421
  7129 | D:6      | Noticed Edmund
  7320 | D:7      | Reached skill level 5 in Spellcasting
  7367 | D:7      | Noticed a hungry ghost
  7390 | D:6      | Learned a level 3 spell: Stone Arrow
  7949 | D:6      | Learned a level 2 spell: Sublimation of Blood
  7979 | D:7      | Killed a hungry ghost
  7979 | D:7      | Reached skill level 1 in Necromancy
  8022 | D:7      | Reached skill level 5 in Dodging
  8028 | D:7      | Found a radiant altar of Vehumet.
  8239 | D:7      | Reached XP level 9. HP: 44/62 MP: 12/17
  8279 | D:7      | Found a staircase to the Ecumenical Temple.
  8321 | D:8      | Reached skill level 9 in Stealth
  8446 | D:7      | Found Cumulan's Gadget Boutique.
  8878 | D:8      | Gained mutation: Your spells are a little harder to cast, but a little more powerful. [potion of mutation]
  8878 | D:8      | Gained mutation: You are partially covered in rugged brown scales (AC +1, +3% HP). [potion of mutation]
  8878 | D:8      | Gained mutation: Your muscles are strong. (Str +2) [potion of mutation]
  8930 | Temple   | Entered the Ecumenical Temple
  9193 | D:8      | Noticed Gastronok
  9439 | D:2      | Became a worshipper of Kikubaaqudgha
  9564 | D:6      | Killed Edmund
  9743 | D:6      | Found a snail-covered altar of Cheibriados.
  9862 | D:7      | Found Deloteoj's Gadget Shop.
 10299 | D:8      | Reached piety under Kikubaaqudgha
 10299 | D:8      | Received a gift from Kikubaaqudgha
 10302 | D:8      | Identified Kikubaaqudgha's Disquisition on Dark Rites (Kikubaaqudgha gifted it to you on level 8 of the Dungeon)
 10305 | D:8      | Learned a level 1 spell: Animate Skeleton
 10313 | D:8      | Reached XP level 10. HP: 51/71 MP: 16/21
 10480 | D:8      | Reached skill level 1 in Throwing
 10547 | D:8      | Reached * piety under Kikubaaqudgha
 10637 | D:8      | Got a bloodstained leather armour
 10736 | D:8      | Found a staircase to the Lair.
 10915 | D:8      | Killed Gastronok
 11079 | Lair:1   | Entered Level 1 of the Lair of Beasts
 11087 | Lair:1   | Learned a level 3 spell: Regeneration
 11370 | Lair:1   | Noticed a black mamba
 11379 | Lair:1   | Killed a black mamba
 11445 | Lair:1   | Received a gift from Kikubaaqudgha
 11445 | Lair:1   | Reached skill level 10 in Stealth
 11446 | Lair:1   | Identified Kikubaaqudgha's Compendium of Evil Magic (Kikubaaqudgha gifted it to you on level 1 of the Lair of Beasts)
 11620 | Lair:1   | Noticed a black mamba
 11623 | Lair:1   | Killed a black mamba
 11900 | Lair:1   | Reached XP level 11. HP: 77/77 MP: 23/23
 11951 | Lair:2   | Noticed an eight-headed hydra
 12021 | Lair:1   | Reached skill level 5 in Necromancy
 12349 | Lair:2   | Killed an eight-headed hydra
 12654 | Lair:2   | Identified the +4 leather armour of the Game Afoot {*Confuse rN+++ MR- Dex+3} (You found it on level 8 of the Dungeon)
 12828 | Lair:3   | Upgraded the game from 0.17-a0-2014-g32cd421 to 0.17-a0-2069-g0f4ee5b
 12860 | Lair:3   | Reached skill level 11 in Stealth
 13343 | Lair:3   | Reached **** piety under Kikubaaqudgha
 13865 | Lair:4   | Found a labyrinth entrance.
 13883 | Lab      | Entered a labyrinth
 14143 | Lab      | Noticed a minotaur
 14153 | Lab      | Learned a level 5 spell: Lee's Rapid Deconstruction
 14169 | Lab      | Killed a minotaur
 14912 | Lair:4   | Noticed Shim's ghost (journeyman HESk)
 15046 | Lair:4   | Learned a level 4 spell: Control Undead
 15052 | Lair:4   | Learned a level 5 spell: Dispel Undead
 15076 | Lair:4   | Killed Shim's ghost
 15076 | Lair:4   | Reached skill level 12 in Stealth
 15101 | Lair:4   | Noticed an eight-headed hydra
 15110 | Lair:4   | Killed an eight-headed hydra
 15110 | Lair:4   | Reached XP level 12. HP: 85/85 MP: 20/25
 15190 | Lair:4   | Got a slimy amber ring
 15192 | Lair:4   | Identified the ring "Iseplaix" {rN+ Stlth+} (You found it on level 4 of the Lair of Beasts)
 15602 | Lair:5   | Noticed an eight-headed hydra
 15610 | Lair:5   | Killed an eight-headed hydra
 15610 | Lair:5   | Reached skill level 10 in Spellcasting
 15810 | Lair:5   | Reached ***** piety under Kikubaaqudgha
 15874 | Lair:5   | Found a hole to the Spider Nest.
 16052 | Lair:5   | Reached skill level 1 in Charms
 16898 | Lair:2   | Quit the game

Vault maps used:
D:1:      dpeg_arrival_leaves_temple_mockup, hex_tiny
D:2:      minitemple
D:3:      minmay_misc_feat_iff, hangedman_glass_teeth, uniq_grinder
D:4:      corexii_shantytown, minmay_tree_intersection
D:5:      first_bread
D:6:      hangedman_decor_slide_cut, minmay_misc_feat_tiny, chei_slow_surprise,
          uniq_edmund
D:7:      vehumet_altar_wand_db, minmay_temple_entry_from_below_a, serial_shops,
          nicolae_shop_crystal, shop, grunt_ogre_cave
D:8:      grunt_lair_entry_elf_guard_hut, minmay_nine_imps, uniq_gastronok
Temple:   oiseaux_autumnal_temple_12
Lair:2:   grunt_megastairs_2
Lair:4:   lab_entry_generic
Lair:5:   nicolae_spider_entry_non_spiders
Lab:      labyrinth_mini_lab, nicolae_lab_x, nicolae_lab_dead_end,
          labyrinth_skeletal_remains, labyrinth_glass_1, nicolae_lab_hexagon,
          nicolae_lab_big_swirl, lab_statue

Action                   |  1- 3 |  4- 6 |  7- 9 | 10-12 || total
-------------------------+-------+-------+-------+-------++-------
Melee: Short sword       |   137 |   164 |   111 |       ||   412
       Unarmed           |    15 |       |       |       ||    15
       Dagger            |       |       |    70 |   350 ||   420
 Fire: Blowgun           |       |       |    13 |    19 ||    32
Throw: Stone             |       |       |     1 |       ||     1
 Cast: Sandblast         |    22 |    52 |   158 |   114 ||   346
       Stoneskin         |     6 |    12 |    23 |    23 ||    64
       Animate Skeleton  |       |       |     3 |    47 ||    50
       Stone Arrow       |       |       |       |    13 ||    13
       Regeneration      |       |       |       |     8 ||     8
       Dispel Undead     |       |       |       |     2 ||     2
       Lee's Rapid Decon |       |       |       |     2 ||     2
Evoke: Wand              |       |       |       |     7 ||     7
  Use: Potion            |    11 |    13 |    20 |    24 ||    68
       Scroll            |     6 |     5 |    10 |     9 ||    30
 Stab: Sleeping          |    12 |    30 |    15 |    30 ||    87
       Distracted        |       |     1 |     1 |     3 ||     5
       Paralysed         |       |       |       |     2 ||     2
